 Dungeon Crawl Stone Soup version 0.17-a0-1830-g81820eb (webtiles) character file.

3674 Gorice the Basher (level 10, -2/73 HPs)
             Began as an Octopode Wanderer on Sept 13, 2015.
             Incinerated by a hell hog (5 damage)
             ... with a sticky flame
             ... on level 1 of the Abyss.
             The game lasted 00:51:22 (10134 turns).

Gorice the Basher (Octopode Wanderer)              Turns: 10134, Time: 00:51:22

Health: -2/73      AC:  4    Str: 11    XL:     10   Next: 13%
Magic:  10/10      EV: 12    Int: 13    God:
Gold:   565        SH:  0    Dex: 17    Spells: 0 memorised, 9 levels left

rFire  . . .     SeeInvis +     a - +3 mace
rCold  . . .     Clarity  .     (no shield)
rNeg   + + .     SustAt   .     (helmet restricted)
rPois  .         Gourm    +     Q - amulet of the gourmand
rElec  .         Spirit   .     j - ring of positive energy
rCorr  .         Warding  .     i - ring of positive energy
rMut   .         Stasis   .     s - +3 ring of protection
MR     .....                    t - ring of see invisible
Stlth  +.........               I - ring of flight
                                (no ring)
                                (no ring)
                                (no ring)

@: liquid flames, very slightly contaminated, glowing, drained, not resistant to
hostile enchantments, very unstealthy
A: almost no armour, amphibious, 8 rings, constrict 8, camouflage 1, gelatinous
body 1
a: Evoke Flight


You were on level 1 of the Abyss.
You were very full.

You visited 2 branches of the dungeon, and saw 9 of its levels.
You visited the Abyss 1 time.
You also visited: Sewer.

You collected 565 gold pieces.

Inventory:

Hand weapons
 a - a +3 mace (weapon)
 b - a +3 shortbow
 e - a +0 hand axe
 f - a +0 flail
 y - a +0 quarterstaff
 B - a +0 blowgun
 M - the cursed +3 war axe of Fate {vamp, *Confuse Dex+3 Stlth+, unknown}
   (You found it on level 8 of the Dungeon)

   It inflicts no extra harm, but heals its wielder somewhat when it strikes a
   living foe.
   It affects your dexterity (+3).
   It may confuse you when you take damage.
   It makes you more stealthy.
   It has a curse placed upon it.
 O - a +0 hand crossbow
Missiles
 h - 81 arrows
 n - 11 arrows of flame
 o - 88 sling bullets
 p - 28 bolts
 q - 6 needles of sleeping
 F - 9 bolts of flame
 G - 7 tomahawks
 P - 14 poisoned needles
 Z - 209 stones (quivered)
Magical staves
 l - an uncursed staff of energy {unknown}
Jewellery
 i - a ring of positive energy (right tentacle)
 j - a ring of positive energy (left tentacle)
 s - a +3 ring of protection (on tentacle)
 t - a ring of see invisible (on tentacle)
 I - a ring of flight (on tentacle)
 Q - an amulet of the gourmand (around mantle)
Magical devices
 v - a wand of hasting (6) {!d}
 z - a wand of polymorph (3)
Scrolls
 c - a scroll of blinking
 m - a scroll of teleportation {!r}
 w - a scroll of fear {!r}
 A - a scroll of remove curse
 C - a scroll of noise {unknown}
 H - a scroll of immolation {unknown}
 J - 2 scrolls of magic mapping {!r}
 L - a scroll of fog
Potions
 k - a potion of agility {!q}
 r - a potion of curing
 u - 2 potions of brilliance {!q}
 x - a potion of might {!q}
 K - a potion of ambrosia {unknown}
Comestibles
 d - 7 bread rations {!e}
 g - 5 meat rations {!e}
 D - 2 beef jerkies
 E - 5 fruits


   Skills:
 + Level 8.8(8.6) Fighting
 + Level 11.7(11.5) Maces & Flails
 - Level 2.0(1.8) Crossbows
 + Level 1.5(1.3) Dodging
   Level 1.0(0.8) Shields
 - Level 1.1(0.9) Evocations


You had 9 spell levels left.
You didn't know any spells.

Dungeon Overview and Level Annotations

Branches:
Dungeon (8/15)             Temple (1/1) D:5
   Lair: D:8-11

Altars:
Ashenzari
Cheibriados
Dithmenos
Elyvilon
Gozag
Kikubaaqudgha
Makhleb
Nemelex Xobeh
Okawaru
Qazlal
Sif Muna
Trog
Vehumet
Xom
Zin
The Shining One

Shops:
D:5 [

Annotations:
D:8 Erolcha, Maurice, Psyche


Innate Abilities, Weirdness & Mutations

You cannot wear most types of armour.
You are amphibious.
You can wear up to eight rings at the same time.
You can use your tentacles to constrict eight enemies at once.
Your skin changes colour to match your surroundings (Stealth).
Your rubbery body absorbs attacks (AC +1).


Message History

You are covered in liquid flames!
The hell hog barely misses you.
Damage: 2 (max 8)
You are covered in liquid flames!
* * * LOW HITPOINT WARNING * * *
Damage: 6 (max 8) Unknown command.
Read which item? (? for menu, Esc to quit)
Blink to where?
Press: ? - help, Dir - move target cursor
As you read the scroll of blinking, it crumbles to dust.
You are covered in liquid flames!
* * * LOW HITPOINT WARNING * * *
Damage: 3 (max 8) Read which item? (? for menu, Esc to quit)
Really read
m - 2 scrolls of teleportation {!r}?
As you read the scroll of teleportation {!r}, it crumbles to dust.
You feel strangely unstable.
You feel the power of the Abyss delaying your translocation!
You are covered in liquid flames!
* * * LOW HITPOINT WARNING * * *
The smoke demon roars!
Damage: 3 (max 8)
The smoke demon gestures at you. Something smites you!
* * * LOW HITPOINT WARNING * * *
Damage: 13 (max 13) Drink which item? (? for menu, Esc to quit)
Really quaff
N - a potion of heal wounds {!q}?
You feel much better. The hell hog bites you. The hell hog bites you!
* * * LOW HITPOINT WARNING * * *
Unknown command.
The hell hog sprays you with burning goo.
The sticky flame hits you!
You are covered in liquid flames!
* * * LOW HITPOINT WARNING * * *
Damage: 5 (max 13)
You are covered in liquid flames!
* * * LOW HITPOINT WARNING * * *
You are suddenly pulled into a different region of the Abyss!
Damage: 1 (max 13)
You are covered in liquid flames!
* * * LOW HITPOINT WARNING * * *
Damage: 7 (max 7) Unknown command.
Drink which item? (? for menu, Esc to quit)
Okay, then.
You start resting.
You are covered in liquid flames!
You die...

.#.. .... ..
... ..# .. ..#
##.# #.##
##...###...##
..#.....#.....#
...............
..#....@#.....#
##...## ...##
#..##. ##.# ..#
#. . . .. ..
##. .#


There were no monsters in sight!

Vanquished Creatures
  Joseph (D:8)
  Grinder (D:4)
  Sigmund (D:6)
  Eustachio (D:4)
  A hungry ghost (D:7)
  2 orc warriors (D:6)
  A sky beast (D:6)
  Purgy (Sewer)
  A black bear (D:8)
  4 phantoms
  An ice beast (D:6)
  A centaur (D:4)
  2 ogres
  4 giant frogs
  A big kobold (D:8)
  3 scorpions
  3 killer bees (D:8)
  2 wights (D:6)
  6 crimson imps
  An orc priest (D:6)
  A centaur zombie (D:8)
  A hound (D:8)
  A jelly (D:6)
  6 orc wizards
  3 giant frog skeletons
  4 worker ants
  A hound skeleton (D:5)
  A hound zombie (D:6)
  A worker ant zombie (D:8)
  8 gnolls (D:6)
  4 adders
  A shadow imp (D:7)
  An ooze (D:1)
  An adder skeleton (D:5)
  3 worms
  7 giant geckos
  16 orcs
  15 bats
  8 giant cockroaches
  4 hobgoblins
  3 jackals (D:5)
  10 kobolds
  5 quokkas
  2 ball pythons (D:1)
  A giant cockroach zombie (D:4)
  7 giant newts
  4 goblins
  9 rats
166 creatures vanquished.

Vanquished Creatures (others)
  A scorpion (D:6)
  2 adders (D:6)
  An adder skeleton (D:3)
  2 giant cockroaches (D:6)
  2 jackals (D:6)
  8 starspawn tentacles (Abyss:1)
  117 starspawn tentacle segments (Abyss:1)
133 creatures vanquished.

Grand Total: 299 creatures vanquished

Notes
Turn   | Place    | Note
--------------------------------------------------------------
     0 | D:1      | Gorice the Octopode Wanderer began the quest for the Orb.
     0 | D:1      | Gorice set off with: a +2 mace, a potion of curing, a potion of lignification {!q}, a bread ration {!e}
     0 | D:1      | Reached XP level 1. HP: 16/16 MP: 1/1
   166 | D:1      | Reached XP level 2. HP: 17/21 MP: 2/2
   828 | D:2      | Reached XP level 3. HP: 26/26 MP: 3/3
  1210 | D:2      | Reached skill level 4 in Maces & Flails
  1687 | D:3      | Reached XP level 4. HP: 27/31 MP: 4/4
  1748 | D:3      | Found a shadowy altar of Dithmenos.
  2048 | D:3      | Found a white marble altar of Elyvilon.
  2533 | D:4      | Noticed Grinder
  2542 | D:4      | Paralysed by Grinder for 3 turns
  2553 | D:4      | Killed Grinder
  2553 | D:4      | Reached skill level 4 in Fighting
  2553 | D:4      | Reached skill level 6 in Maces & Flails
  2553 | D:4      | Reached XP level 5. HP: 15/38 MP: 5/5
  2553 | D:4      | Reached XP level 6. HP: 17/44 MP: 6/6
  2554 | D:4      | --Kerching - thanks Grinder!
  3176 | D:3      | Reached XP level 7. HP: 29/49 MP: 7/7
  3263 | D:4      | Noticed Eustachio
  3426 | D:4      | Killed Eustachio
  3426 | D:4      | Reached skill level 5 in Fighting
  3426 | D:4      | Reached skill level 7 in Maces & Flails
  3462 | D:4      | Noticed a phantom
  3505 | D:4      | HP: 14/50 [phantom (5)]
  3512 | D:4      | HP: 8/50 [phantom (7)]
  3518 | D:4      | HP: 5/50 [phantom (7)]
  3913 | D:4      | Killed a phantom
  3979 | D:4      | Noticed a centaur
  3988 | D:4      | Killed a centaur
  4100 | D:5      | Entered Level 5 of the Dungeon
  4291 | D:5      | Reached XP level 8. HP: 57/57 MP: 8/8
  4363 | D:5      | Found a staircase to the Ecumenical Temple.
  4370 | Temple   | Entered the Ecumenical Temple
  4508 | D:5      | Found a glowing drain.
  4512 | D:5      | Reached skill level 8 in Maces & Flails
  4541 | Sewer    | Entered a sewer
  4611 | Sewer    | Noticed Purgy
  4631 | Sewer    | Killed Purgy
  4785 | D:5      | Reached skill level 6 in Fighting
  4929 | D:5      | Found a stormy altar of Qazlal.
  4936 | D:5      | Found Saliax's Antique Armour Shoppe.
  5693 | D:6      | Found a shattered altar of Ashenzari.
  5800 | D:6      | Noticed Sigmund
  5817 | D:6      | Killed Sigmund
  5817 | D:6      | Reached skill level 9 in Maces & Flails
  6259 | D:6      | Reached skill level 7 in Fighting
  6259 | D:6      | Reached XP level 9. HP: 43/64 MP: 9/9
  6514 | D:6      | Reached skill level 10 in Maces & Flails
  6779 | D:6      | Found a shimmering altar of Xom.
  7428 | D:6      | HP: 18/66 [orc wizard/puff of flame (8)]
  7821 | D:7      | Found an ancient bone altar of Kikubaaqudgha.
  7845 | D:7      | Reached skill level 8 in Fighting
  7863 | D:7      | Found an ancient bone altar of Kikubaaqudgha.
  8011 | D:7      | Reached skill level 11 in Maces & Flails
  9225 | D:8      | Got a polished war axe
  9299 | D:8      | HP: 20/67 [killer bee (6)]
  9306 | D:8      | HP: 17/67 [killer bee (6)]
  9311 | D:8      | HP: 16/67 [poisoned by a killer bee]
  9317 | D:8      | HP: 14/67 [poisoned by a killer bee]
  9324 | D:8      | HP: 13/67 [poisoned by a killer bee]
  9329 | D:8      | HP: 13/67 [poisoned by a killer bee]
  9335 | D:8      | HP: 13/67 [poisoned by a killer bee]
  9342 | D:8      | HP: 13/67 [poisoned by a killer bee]
  9348 | D:8      | HP: 12/67 [poisoned by a killer bee]
  9646 | D:8      | Reached XP level 10. HP: 54/73 MP: 10/10
  9666 | D:8      | Noticed Joseph
  9682 | D:8      | Killed Joseph
  9682 | D:8      | Reached skill level 1 in Dodging
  9780 | D:8      | Noticed Erolcha
  9791 | D:8      | Noticed Maurice
  9855 | D:8      | Noticed Psyche
  9879 | D:8      | HP: 20/73 [Psyche/dagger of chaos (3)]
  9885 | D:8      | Cast into the Abyss (Psyche)
  9999 | Abyss:1  | Noticed a wretched star
 10076 | Abyss:1  | Noticed a tentacled starspawn
 10084 | Abyss:1  | Noticed a large abomination
 10103 | Abyss:1  | Noticed a hell hog
 10109 | Abyss:1  | Noticed a starcursed mass
 10110 | Abyss:1  | Noticed a smoke demon
 10117 | Abyss:1  | HP: 21/73 [burnt (6)]
 10126 | Abyss:1  | HP: 2/73 [smoke demon/divine providence (14)]
 10131 | Abyss:1  | HP: 11/73 [hell hog/sticky flame (5)]
 10133 | Abyss:1  | HP: 3/73 [burnt (7)]
 10134 | Abyss:1  | Incinerated by a hell hog

Vault maps used:
D:1:      dpeg_arrival_tiny_f
D:2:      kennysheep_boxes
D:3:      grunt_dithmenos_smoke, elyvilon_altar_4, serial_forest,
          infiniplex_forest_straight_2, infiniplex_forest_lined_corner,
          infiniplex_forest_clump_tiny, infiniplex_forest_clump_medium,
          infiniplex_forest_lined_2, infiniplex_forest_lined_2,
          infiniplex_forest_lined_ring, infiniplex_forest_clump_medium,
          infiniplex_forest_clump_large, infiniplex_forest_clump_small,
          first_bread
D:4:      uniq_grinder, uniq_eustachio
D:5:      minmay_temple_entry_nine_rooms, portal_sewer_entry_f, serial_shops,
          nicolae_shop_waterfront, basic_altar, serial_bayou_pond_b
D:6:      xom_confusion_cloud, cheibrodos_ashenzari_chains, uniq_sigmund
D:7:      old_standard_altar, basic_altar
D:8:      lemuel_doored_altar, uniq_erolcha, uniq_psyche, uniq_gastronok,
          uniq_maurice, uniq_joseph
Temple:   zaba_magenta_temple_12
Sewer:    sewer_big_baddie

Action                   |  1- 3 |  4- 6 |  7- 9 | 10-12 || total
-------------------------+-------+-------+-------+-------++-------
Melee: Mace              |    73 |    54 |   214 |    17 ||   358
 Fire: Shortbow          |       |       |   198 |    10 ||   208
       Blowgun           |       |       |     1 |     2 ||     3
Throw: Stone             |    18 |    20 |    38 |       ||    76
       Throwing net      |       |       |     1 |     1 ||     2
Evoke: Wand              |       |       |     1 |     3 ||     4
  Use: Scroll            |     2 |     5 |    10 |     2 ||    19
       Potion            |       |     1 |     8 |     4 ||    13
 Stab: Sleeping          |     6 |     3 |       |     1 ||    10
       Held in net/web   |       |       |       |     2 ||     2
  Eat: Chunk             |     2 |     5 |    30 |     1 ||    38
       Pizza             |       |       |     1 |       ||     1

Table legend:
 A = Turns spent in this place as a percentage of turns spent in the entire game.
 B = Non-inter-level travel turns spent in this place as a percentage of non-inter-level travel turns spent in the entire game.
 C = Inter-level travel turns spent in this place as a percentage of turns spent in this place.
 D = Turns resting spent in this place as a percentage of non-inter-level travel turns spent in this place.
 E = Turns spent auto-exploring this place as a percentage of non-inter-level travel turns spent in this place.
 F = Non-inter-level travel turns spent in this place divided by the number of levels of this place that you've seen.
                   A       B       C       D       E      F
               +-------+-------+-------+-------+-------+----------------------
         Total | 100.0 | 100.0 |   0.5 |   2.6 |   3.9 | 369.4
       Dungeon |  89.5 |  89.5 |   0.5 |   2.8 |   4.3 | 454.4
        Temple |   1.5 |   1.5 |   1.6 |   0.0 |   0.0 |  61.0
         Abyss |   6.4 |   6.4 |   0.0 |   0.4 |   0.0 | 262.0
         Sewer |   2.6 |   2.6 |   0.0 |   3.8 |   1.0 | 105.0
               +-------+-------+-------+-------+-------+----------------------

Vault maps used:
D:1:      dpeg_arrival_tiny_f
D:2:      kennysheep_boxes
D:3:      grunt_dithmenos_smoke, elyvilon_altar_4, serial_forest,
          infiniplex_forest_straight_2, infiniplex_forest_lined_corner,
          infiniplex_forest_clump_tiny, infiniplex_forest_clump_medium,
          infiniplex_forest_lined_2, infiniplex_forest_lined_2,
          infiniplex_forest_lined_ring, infiniplex_forest_clump_medium,
          infiniplex_forest_clump_large, infiniplex_forest_clump_small,
          first_bread
D:4:      uniq_grinder, uniq_eustachio
D:5:      minmay_temple_entry_nine_rooms, portal_sewer_entry_f, serial_shops,
          nicolae_shop_waterfront, basic_altar, serial_bayou_pond_b
D:6:      xom_confusion_cloud, cheibrodos_ashenzari_chains, uniq_sigmund
D:7:      old_standard_altar, basic_altar
D:8:      lemuel_doored_altar, uniq_erolcha, uniq_psyche, uniq_gastronok,
          uniq_maurice, uniq_joseph
Temple:   zaba_magenta_temple_12
Sewer:    sewer_big_baddie
